 Dungeon Crawl Stone Soup version 0.27-a0-686-gaed091b46b (webtiles) character file.

Game seed: 11738604188221207313

143 leviel the Skirmisher (level 5, 0/47 HPs)
             Began as a Hill Orc Fighter on Mar 20, 2021.
             Slain by an orc wizard
             ... wielding a +0 dagger
              (2 damage)
             ... on level 3 of the Dungeon.
             The game lasted 00:03:18 (3648 turns).

leviel the Skirmisher (Hill Orc Fighter)            Turns: 3648, Time: 00:03:20

Health: 0/47       AC:  7    Str: 20    XL:     5   Next: 25%
Magic:  5/5        EV:  7    Int:  8    God:
Gold:   64         SH:  9    Dex: 10    Spells: 4/4 levels left

rFire    . . .     SeeInvis .   a - +0 war axe
rCold    . . .     Faith    .   c - +0 kite shield
rNeg     . . .     Spirit   .   b - +0 scale mail
rPois    .         Reflect  .   (no helmet)
rElec    .         Harm     .   (no cloak)
rCorr    .         Rampage  .   (no gloves)
Will     .....                  (no boots)
Stlth    ..........             (no amulet)
HPRegen  0.15/turn              (no ring)
MPRegen  0.09/turn              (no ring)

@: mighty
A: no striking features
a: no special abilities


You were on level 3 of the Dungeon.
You visited 1 branch of the dungeon, and saw 3 of its levels.

You collected 64 gold pieces.

Inventory:

Hand Weapons
 a - a +0 war axe (weapon)
Armour
 b - a +0 scale mail (worn)
 c - a +0 kite shield (worn)
Scrolls
 e - a scroll of silence {unknown}
 f - a scroll of identify {unknown}
 g - a scroll of magic mapping {unknown}
 h - a scroll of teleportation {unknown}


   Skills:
 * Level 4.3 Fighting
 + Level 4.2 Axes
 + Level 4.2 Armour
 + Level 1.0 Dodging
 + Level 0.1 Stealth
 + Level 4.1 Shields


You had 4 spell levels left.
You didn't know any spells.
Your spell library contained the following spells:

 Spells                   Type           Power      Damage    Failure   Level
 Magic Dart               Conj           0%         1d3       99%         1
 Blink                    Tloc           N/A        N/A       100%        2
 Call Imp                 Summ           0%         N/A       100%        2
 Slow                     Hex            0%         N/A       100%        2
 Conjure Flame            Conj/Fire      0%         6-21      100%        3
 Mephitic Cloud           Conj/Pois/Air  0%         N/A       100%        3


Dungeon Overview and Level Annotations

Branches:
Dungeon (3/15)

Altars:
Ashenzari


Message History

The orc shouts!
You hear a shout! x2
You slash the worm!
You kill the worm!
An orc comes into view.
It is wielding a +0 dagger of electrocution.
The orc shouts!
You completely miss the orc. You block the orc's attack.
An orc comes into view.
Your shield prevents you from hitting the orc.
The orc hits you with a +0 short sword.
* * * LOW HITPOINT WARNING * * *
The orc hits you with a +5 short sword.
* * * LOW HITPOINT WARNING * * *
You slash the orc!
You kill the orc!
You barely miss the orc. The orc barely misses you.
You completely miss the orc.
The orc wizard gestures at you while chanting.
The magic dart hits you.
* * * LOW HITPOINT WARNING * * *
You block the orc's attack.
You slash the orc!
You kill the orc!
You miss the orc wizard.
The orc wizard hits you but does no damage.
The orc hits you but does no damage.
You slash the orc wizard!
The orc wizard is almost dead.
You completely miss the orc.
An orc comes into view. It is wielding a +0 hand axe.
The orc wizard hits you with a +0 dagger.
* * * LOW HITPOINT WARNING * * *
You block the orc's attack.
You closely miss the orc wizard.
The orc wizard is almost dead.
The orc shouts!
You slash the orc!
You kill the orc!
You block the orc wizard's attack.
The orc wizard hits you with a +0 dagger.
You die...

..... #..### o.. .
......##..### ..#.
.......#..... ......
...#...## .o#. ###.#.....
... #........# . #.#
#........# ####'####o#
#..).....# #.......@o###
#...†....# #...........#
#........#
#...........####........#
#...........'............
#...........#####†.......
#######..(..# #....>...
......... #........
...####### #........ ....
.........


You could see an orc wizard and 2 orcs.

Vanquished Creatures
  Natasha (D:3)
  4 adders
  An ooze (D:1)
  3 worms
  A dart slug (D:3)
  2 leopard geckos
  5 orcs (D:3)
  5 giant cockroaches
  5 goblins
  6 hobgoblins
  11 kobolds
  A quokka (D:1)
  6 bats
  5 frilled lizards
  10 rats
66 creatures vanquished.

Notes
Turn   | Place    | Note
-------+----------+-------------------------------------------
     0 | D:1      | leviel the Hill Orc Fighter began the quest for the Orb.
     0 | D:1      | Reached XP level 1. HP: 19/19 MP: 1/1
   194 | D:1      | Found a broken altar of Ashenzari.
   209 | D:1      | Reached XP level 2. HP: 20/27 MP: 2/2
   871 | D:1      | Reached XP level 3. HP: 30/33 MP: 3/3
  1622 | D:2      | Reached skill level 1 in Dodging
  2032 | D:2      | Reached XP level 4. HP: 40/40 MP: 4/4
  3594 | D:3      | Noticed Natasha
  3612 | D:3      | Killed Natasha
  3613 | D:3      | Reached XP level 5. HP: 9/47 MP: 5/5
  3644 | D:3      | HP: 2/47 [orc wizard/magic dart (6)]
  3648 | D:3      | Slain by an orc wizard

Illustrated notes

Levels and vault maps discovered:
D:1:      lightli_arrival_farm, layout_loops_ring, evilmike_ruin_ashenzari
D:2:      layout_basic, grunt_ministairs_9
D:3:      layout_basic, serial_shops, shop, minmay_misc_feat_more_columns,
          grunt_ministairs_7, uniq_natasha

Skill      XL: |  1  2  3  4 |
---------------+-------------+-----
Axes           | 3 4 |  4.2
Dodging        | 1 |  1.0
Fighting       | 4 |  4.3
Armour         | 4 |  4.2
Shields        | 4 |  4.1
Stealth        | |  0.1

Action                   |  1- 3 |  4- 6 || total
-------------------------+-------+-------++-------
Melee: War axe           |   117 |   116 ||   233
  Use: Potion            |       |     1 ||     1
Armor: Scale mail        |    50 |    58 ||   108
Dodge: Dodged            |    35 |    45 ||    80
Block: Kite shield       |    63 |    67 ||   130

Table legend: (Time is in decaauts)
 A = Elapsed time spent in this place.
 B = Non-inter-level travel time spent in this place.
 C = Inter-level travel time spent in this place.
 D = Time resting spent in this place.
 E = Time spent auto-exploring this place.
 F = Levels seen in this place.
 G = Mean time per level.
                   A        B        C        D        E       F      G
               +--------+--------+--------+--------+--------+-----+--------+
         Total |   3809 |   3736 |     73 |    339 |   2851 |   3 | 1269.7 |
       Dungeon |   3809 |   3736 |     73 |    339 |   2851 |   3 | 1269.7 |
               +--------+--------+--------+--------+--------+-----+--------+

Top non-repeatable levels by time:
     D:2: 1835 daAuts
     D:1: 1627 daAuts
     D:3: 347 daAuts
